 Dungeon Crawl Stone Soup version 0.24-a0-736-g4e6fe308c7 (webtiles) character file.

Game seed: 14938757703241548569, levelgen mode: deterministic

5852 Hybris the Thaumaturge (level 10, 0/74 HPs)
             Began as a Gnoll Wizard on Oct 1, 2019.
             Was a Believer of Vehumet.
             Slain by a two-headed ogre
             ... wielding a +0 giant club
              (8 damage)
             ... on level 10 of the Dungeon on Oct 2, 2019.
             The game lasted 00:48:20 (10212 turns).

Hybris the Thaumaturge (Gnoll Wizard)              Turns: 10212, Time: 00:48:21

Health: 0/74       AC:  5    Str: 10    XL:     10   Next: 81%
Magic:  16/23      EV: 15    Int: 24    God:    Vehumet [**....]
Gold:   504        SH:  0    Dex: 13    Spells: 14/27 levels left

rFire    . . .     SeeInvis .   t - +2 dagger (venom)
rCold    + . .     Gourm    .   (no shield)
rNeg     . . .     Faith    .   B - +0 leather armour {rC+}
rPois    .         Spirit   .   b - +0 hat
rElec    .         Reflect  .   (no cloak)
rCorr    .         Harm     .   (no gloves)
MR       .....                  a - +0 pair of boots
Stlth    +++.......             (no amulet)
HPRegen  0.22/turn              f - ring of wizardry
MPRegen  0.18/turn              (no ring)

@: no status effects
A: distributed training, fangs 1, strong nose
a: Renounce Religion


You were on level 10 of the Dungeon.
You worshipped Vehumet.
Vehumet was pleased with you.
You were hungry.

You visited 2 branches of the dungeon, and saw 11 of its levels.

You collected 504 gold pieces.

Inventory:

Hand Weapons
 i - a +2 dagger of draining
 t - a +2 dagger of venom (weapon)
Missiles
 p - 2 throwing nets
 v - 5 silver boomerangs
 C - 3 datura-tipped darts
 D - 7 atropa-tipped darts
 F - 6 javelins
 H - 13 poisoned darts (quivered)
Armour
 a - a +0 pair of boots (worn)
 b - a +0 hat (worn)
 B - a +0 leather armour of cold resistance (worn)
Jewellery
 f - a ring of wizardry (left hand)
Wands
 m - a wand of flame (15)
Scrolls
 c - 3 scrolls of fear {unknown}
 g - 3 scrolls of remove curse
 j - a scroll of random uselessness {unknown}
 l - 7 scrolls of teleportation
 n - 7 scrolls of fog
 o - 4 scrolls of magic mapping
 q - 3 scrolls of immolation
 s - 2 scrolls of amnesia {unknown}
 y - a scroll of noise {unknown}
 z - a scroll of enchant weapon {unknown}
 E - a scroll of enchant armour {unknown}
Potions
 e - a potion of berserk rage {unknown}
 h - 3 potions of agility {unknown}
 k - 3 potions of resistance {unknown}
 r - 4 potions of might
 u - a potion of haste
 w - a potion of lignification {unknown}
 x - a potion of degeneration {unknown}
 A - a potion of cancellation {unknown}
Comestibles
 d - 20 rations
 G - 5 chunks of flesh


   Skills:
 + Level 5.5 Fighting
 + Level 5.5 Short Blades
 + Level 5.5 Long Blades
 + Level 5.5 Axes
 + Level 5.5 Maces & Flails
 + Level 5.5 Polearms
 + Level 5.5 Staves
 + Level 5.5 Slings
 + Level 5.5 Bows
 + Level 5.5 Crossbows
 + Level 5.5 Throwing
 + Level 5.5 Armour
 + Level 7.2 Dodging
 + Level 7.0 Stealth
 + Level 5.5 Shields
 + Level 5.5 Unarmed Combat
 + Level 9.1 Spellcasting
 + Level 5.1 Conjurations
 + Level 4.5 Hexes
 + Level 4.5 Charms
 + Level 5.1 Summonings
 + Level 4.5 Necromancy
 + Level 5.1 Translocations
 + Level 4.5 Transmutations
 + Level 4.5 Fire Magic
 + Level 4.5 Ice Magic
 + Level 4.5 Air Magic
 + Level 4.5 Earth Magic
 + Level 4.5 Poison Magic
 + Level 6.1 Invocations
 + Level 5.5 Evocations


You had 14 spell levels left.
You knew the following spells:

 Your Spells              Type           Power        Failure   Level  Hunger
a - Magic Dart            Conj           ####         1%          1    None
b - Blink                 Tloc           N/A          1%          2    None
c - Call Imp              Summ           #####...     1%          2    None
d - Conjure Flame         Conj/Fire      ####....     1%          3    None
e - Mephitic Cloud        Conj/Pois/Air  ####....     1%          3    None
s - Sublimation of Blood  Necr           ####......   1%          2    None

Your spell library contained the following spells:

 Spells                   Type           Power        Failure   Level  Hunger
 Shock                    Conj/Air       ####         1%          1    None
 Searing Ray              Conj           #####.       1%          2    None
 Slow                     Hex            ####....     1%          2    None
 Dazzling Spray           Conj/Hex       ####..       1%          3    None
 Ignite Poison            Fire/Tmut/Pois ####....     1%          3    None
 Force Lance              Conj/Tloc      #####...     3%          4    ##.....
 Iskenderun's Mystic Bla  Conj           #####...     3%          4    ##.....
 Fulminant Prism          Conj/Hex       ####......   4%          4    ##.....
 Petrify                  Tmut/Erth      ####....     4%          4    ##.....
 Irradiate                Conj/Tmut      ####......   12%         5    ####...
 Alistair's Intoxication  Tmut/Pois      ####....     13%         5    ####...


Dungeon Overview and Level Annotations

Branches:
Dungeon (10/15)            Temple (1/1) D:7
   Lair: D:8-11         Orc: D:9-12

Altars:
Ashenzari
Cheibriados
Dithmenos
Fedhas
Gozag
Hepliaklqana
Kikubaaqudgha
Makhleb
Nemelex Xobeh
Okawaru
Qazlal
Ru
Sif Muna
Trog
Uskayaw
Vehumet
Wu Jian
Xom
Yredelemnul
The Shining One

Shops:
D:5 =   D:9 [:}}?   D:10 (*

Annotations:
D:6 2 transporters, timeslip1974's ghost, novice HaHu


Innate Abilities, Weirdness & Mutations

Your experience applies equally to all skills.
You have very sharp teeth.
Your uncanny sense of smell can sniff out nearby items.


Message History

You see here 26 sling bullets.
Casting: Mephitic Cloud (safe; 1% risk of failure)
Confirm with . or Enter, or press ? or * to list all spells.
Aiming: Mephitic Cloud (safe; 1% risk of failure)
Press: ? - help, Shift-Dir - straight line, f/p - two-headed ogre
Aim: a two-headed ogre, wielding a +0 giant club and a -3 giant spiked club (lightly wounded)
The ball explodes into a vile cloud!
The stinking cloud engulfs the two-headed ogre but does no damage.
The two-headed ogre is lightly wounded.
The stinking cloud engulfs the centaur but does no damage.
The centaur is engulfed in noxious fumes.
The centaur appears confused.
The centaur cries.
The two-headed ogre is engulfed in noxious fumes.
The two-headed ogre is engulfed in noxious fumes.
The centaur is engulfed in noxious fumes.
The centaur appears confused.
The centaur is engulfed in noxious fumes.
The two-headed ogre hits you with a +0 giant club!
You die...

##############
##################............#
##........cā˜¼ā—‹..O@....#########.#
.......#####ā—‹.........########.##
##.###.# #.######.............# #.#
#.# #.# ##.##.#.######..# #.# #.#
#.# #.##.###....##).# ##.###c#####.#
#..##.#.###.##..# .............#
#.#.#..## #.##..# ##.###.#######
#.##.#āˆ©####.##..# ...# #.#
#.##.#.##...##..#


You could see a two-headed ogre and a centaur (confused).

Vanquished Creatures
  A two-headed ogre (D:10)
  A troll (D:10)
  A hippogriff (D:10)
  A wraith (D:9)
  6 yaks (D:9)
  2 hungry ghosts
  Eustachio (D:3)
  3 black bears
  An orc warrior (D:9)
  An eye of draining (D:9)
  2 phantoms
  2 sky beasts
  2 necrophages
  5 ogres
  3 centaurs
  3 big kobolds
  3 bullfrogs
  3 scorpions
  3 killer bees (D:9)
  A jelly (D:9)
  3 crimson imps (D:6)
  3 orc priests
  2 bullfrog zombies
  5 hounds
  A bullfrog skeleton (D:10)
  2 centaur skeletons
  Jessica (D:2)
  3 iguanas
  Natasha (thrice) (D:2)
  10 orc wizards
  6 worker ants
  A hound zombie (D:5)
  6 adders
  7 gnolls
  A shadow imp (D:7)
  3 oozes
  3 adder zombies
  2 worms
  5 dart slugs
  3 leopard geckos
  43 orcs
  7 bats
  3 giant cockroaches
  14 goblins
  12 hobgoblins
  6 jackals
  13 kobolds
  2 quokkas
  A ball python (D:5)
  7 frilled lizards
  A quokka zombie (D:5)
  8 rats
232 creatures vanquished.

Vanquished Creatures (collateral kills)
  A killer bee (D:9)
1 creature vanquished.

Grand Total: 233 creatures vanquished

Notes
Turn   | Place    | Note
-------+----------+-------------------------------------------
     0 | D:1      | Hybris the Gnoll Wizard began the quest for the Orb.
     0 | D:1      | Reached XP level 1. HP: 13/13 MP: 8/8
   170 | D:1      | Reached XP level 2. HP: 19/19 MP: 5/10
   365 | D:1      | Reached XP level 3. HP: 25/25 MP: 6/11
   484 | D:1      | Learned a level 2 spell: Blink
   487 | D:1      | Learned a level 2 spell: Call Imp
   491 | D:1      | Learned a level 3 spell: Conjure Flame
   495 | D:1      | Learned a level 3 spell: Mephitic Cloud
   677 | D:1      | Reached skill level 1 in Invocations
  1040 | D:2      | Learned a level 2 spell: Sublimation of Blood
  1267 | D:2      | Reached skill level 1 in Fighting
  1267 | D:2      | Reached skill level 1 in Short Blades
  1267 | D:2      | Reached skill level 1 in Long Blades
  1267 | D:2      | Reached skill level 1 in Axes
  1267 | D:2      | Reached skill level 1 in Maces & Flails
  1267 | D:2      | Reached skill level 1 in Polearms
  1267 | D:2      | Reached skill level 1 in Staves
  1267 | D:2      | Reached skill level 1 in Slings
  1267 | D:2      | Reached skill level 1 in Bows
  1267 | D:2      | Reached skill level 1 in Crossbows
  1267 | D:2      | Reached skill level 1 in Throwing
  1267 | D:2      | Reached skill level 1 in Armour
  1267 | D:2      | Reached skill level 1 in Shields
  1267 | D:2      | Reached skill level 1 in Unarmed Combat
  1267 | D:2      | Reached skill level 1 in Evocations
  1343 | D:2      | Reached XP level 4. HP: 32/32 MP: 9/13
  1864 | D:3      | Noticed Natasha
  1864 | D:3      | Noticed Jessica
  1873 | D:2      | Killed Jessica
  1873 | D:2      | Reached skill level 1 in Hexes
  1873 | D:2      | Reached skill level 1 in Charms
  1873 | D:2      | Reached skill level 1 in Necromancy
  1873 | D:2      | Reached skill level 1 in Transmutations
  1873 | D:2      | Reached skill level 1 in Fire Magic
  1873 | D:2      | Reached skill level 1 in Ice Magic
  1873 | D:2      | Reached skill level 1 in Air Magic
  1873 | D:2      | Reached skill level 1 in Earth Magic
  1873 | D:2      | Reached skill level 1 in Poison Magic
  1900 | D:2      | HP: 1/32 [shadow imp/nerve-wracking pain[Natasha] (5)]
  2276 | D:2      | Killed Natasha
  2276 | D:2      | Reached XP level 5. HP: 37/37 MP: 6/14
  2411 | D:2      | Noticed Natasha
  2418 | D:2      | Killed Natasha
  2472 | D:2      | Noticed Natasha
  2480 | D:2      | Killed Natasha
  2761 | D:3      | Found a sparkling altar of Nemelex Xobeh.
  3097 | D:4      | Noticed Eustachio
  3111 | D:3      | Killed Eustachio
  3111 | D:3      | Reached skill level 5 in Dodging
  3111 | D:3      | Reached XP level 6. HP: 44/44 MP: 4/16
  3579 | D:4      | Reached XP level 7. HP: 48/50 MP: 7/18
  3956 | D:4      | Reached skill level 5 in Stealth
  4202 | D:4      | Reached XP level 8. HP: 41/57 MP: 8/19
  4416 | D:5      | Entered Level 5 of the Dungeon
  4509 | D:5      | Found Olaocec's Jewellery Shop.
  5418 | D:6      | Reached skill level 8 in Spellcasting
  5603 | D:6      | Found a transporter.
  5604 | D:6      | Found a transporter.
  5604 | D:6      | Noticed timeslip1974's ghost (novice HaHu)
  6281 | D:7      | Reached XP level 9. HP: 65/65 MP: 10/21
  6444 | D:7      | Found a staircase to the Ecumenical Temple.
  6464 | Temple   | Entered the Ecumenical Temple
  6519 | Temple   | Became a worshipper of Vehumet
  8733 | D:9      | Reached skill level 5 in Invocations
  8740 | D:9      | Reached * piety under Vehumet
  8740 | D:9      | Offered knowledge of Sting by Vehumet.
  8771 | D:9      | Reached XP level 10. HP: 41/73 MP: 2/22
  9148 | D:9      | Reached skill level 5 in Fighting
  9148 | D:9      | Reached skill level 5 in Short Blades
  9148 | D:9      | Reached skill level 5 in Long Blades
  9148 | D:9      | Reached skill level 5 in Axes
  9148 | D:9      | Reached skill level 5 in Maces & Flails
  9148 | D:9      | Reached skill level 5 in Polearms
  9148 | D:9      | Reached skill level 5 in Staves
  9148 | D:9      | Reached skill level 5 in Slings
  9148 | D:9      | Reached skill level 5 in Bows
  9148 | D:9      | Reached skill level 5 in Crossbows
  9148 | D:9      | Reached skill level 5 in Throwing
  9148 | D:9      | Reached skill level 5 in Armour
  9148 | D:9      | Reached skill level 5 in Shields
  9148 | D:9      | Reached skill level 5 in Unarmed Combat
  9148 | D:9      | Reached skill level 5 in Evocations
  9210 | D:9      | Found Ilir's Book Shoppe.
  9211 | D:9      | Found Veleep's Antique Armour Shop.
  9360 | D:9      | Found Ynamn's Gadget Boutique.
  9419 | D:9      | Upgraded the game from 0.24-a0-725-gf1a930fc54 to
                  | 0.24-a0-736-g4e6fe308c7
  9494 | D:9      | Reached ** piety under Vehumet
  9496 | D:9      | Offered knowledge of Shock by Vehumet.
  9665 | D:9      | Found Bekir's Gadget Boutique.
  9732 | D:9      | Found Eplan's Magic Scroll Emporium.
  9743 | D:9      | Noticed a moth of wrath
  9745 | D:9      | Found a bloodstained altar of Trog.
  9884 | D:10     | Entered Level 10 of the Dungeon
  9899 | D:10     | Reached skill level 9 in Spellcasting
  9925 | D:10     | Found Kemur's Weapon Shop.
  9989 | D:10     | Noticed a two-headed ogre
 10004 | D:10     | Killed a two-headed ogre
 10004 | D:10     | Reached skill level 5 in Conjurations
 10004 | D:10     | Reached skill level 5 in Summonings
 10004 | D:10     | Reached skill level 5 in Translocations
 10040 | D:10     | Found Dynniruw's Assorted Antiques.
 10165 | D:10     | Noticed a two-headed ogre
 10212 | D:10     | Slain by a two-headed ogre

Levels and vault maps discovered:
D:1:      lightli_arrival_flooded_house, layout_basic, minmay_3d_cube
D:2:      layout_basic, guppyfry_early_orc_mine
D:3:      layout_rooms, first_ration, nemelex_spade_bored_becter, uniq_natasha,
          uniq_jessica
D:4:      layout_cave_pools, uniq_eustachio
D:5:      layout_basic, serial_shops, shop
D:6:      layout_loops_ring, gammafunk_ghost_arena, hangedman_decor_riveting
D:7:      layout_loops_ring, minmay_temple_entry_glassed_door
D:8:      layout_cave_pools
D:9:      layout_long_grid, tgw_trog, serial_shops, kennysheep_mini, shop, shop,
          kennysheep_little_box, nicolae_shop_crystal, serial_glass,
          glass_columns_a, glass_columns_a
D:10:     layout_loops_ring, serial_shops, shop, shop, shop_statue, shop,
          uniq_joseph
Temple:   regret_index_temple_sigil_plot

Skill      XL: |  1  2  3  4  5  6  7  8  9 10 |
---------------+-------------------------------+-----
Conjurations   | 2 3 4 5 |  5.1
Summonings     | 2 3 4 5 |  5.1
Translocations | 2 3 4 5 |  5.1
Invocations    | 1 2 3 4 5 6 |  6.1
Fighting       | 1 2 3 4 5 |  5.5
Short Blades   | 1 2 3 4 5 |  5.5
Long Blades    | 1 2 3 4 5 |  5.5
Axes           | 1 2 3 4 5 |  5.5
Maces & Flails | 1 2 3 4 5 |  5.5
Polearms       | 1 2 3 4 5 |  5.5
Staves         | 1 2 3 4 5 |  5.5
Slings         | 1 2 3 4 5 |  5.5
Bows           | 1 2 3 4 5 |  5.5
Crossbows      | 1 2 3 4 5 |  5.5
Throwing       | 1 2 3 4 5 |  5.5
Armour         | 1 2 3 4 5 |  5.5
Shields        | 1 2 3 4 5 |  5.5
Unarmed Combat | 1 2 3 4 5 |  5.5
Evocations     | 1 2 3 4 5 |  5.5
Hexes          | 1 2 3 4 |  4.5
Charms         | 1 2 3 4 |  4.5
Necromancy     | 1 2 3 4 |  4.5
Transmutations | 1 2 3 4 |  4.5
Fire Magic     | 1 2 3 4 |  4.5
Ice Magic      | 1 2 3 4 |  4.5
Air Magic      | 1 2 3 4 |  4.5
Earth Magic    | 1 2 3 4 |  4.5
Poison Magic   | 1 2 3 4 |  4.5
Dodging        | 5 6 7 |  7.2
Stealth        | 5 6 7 |  7.0
Spellcasting   | 8 9 |  9.1

Action                   |  1- 3 |  4- 6 |  7- 9 | 10-12 || total
-------------------------+-------+-------+-------+-------++-------
Melee: Dagger            |    13 |    61 |   140 |   106 ||   320
       Bite              |     1 |     4 |     8 |    11 ||    24
       Punch             |       |       |     2 |       ||     2
Throw: Boomerang         |       |       |    14 |       ||    14
       Javelin           |       |       |     6 |       ||     6
       Dart              |       |       |       |     6 ||     6
 Cast: Magic Dart        |    72 |    94 |   348 |   113 ||   627
       Mephitic Cloud    |       |    15 |    23 |    20 ||    58
       Blink             |       |     6 |     7 |     1 ||    14
       Conjure Flame     |       |       |     3 |     3 ||     6
Evoke: Wand              |       |       |     2 |       ||     2
  Use: Scroll            |       |       |     1 |     6 ||     7
 Stab: Confused          |       |     5 |     4 |     6 ||    15
       Sleeping          |       |     1 |     1 |       ||     2
  Eat: Chunk             |     1 |     7 |    15 |     5 ||    28
Armor: Robe              |       |    11 |     8 |       ||    19
       Leather armour    |       |       |     7 |    14 ||    21
Dodge: Dodged            |     7 |    63 |   107 |    51 ||   228

Table legend:
 A = Non-vault XP
 B = Vault XP
 C = Vault XP percentage of total XP
 D = Non-vault monster count
 E = Vault monster count
 F = Vault count percentage of total count
                 A         B        C        D         E       F
            +---------+---------+-------+---------+---------+-------
      Total |    8056 |     305 |   3.6 |     214 |      19 |   8.2
            +---------+---------+-------+---------+---------+-------
        D:1 |      42 |      17 |  28.8 |      21 |       4 |  16.0
        D:2 |      92 |      88 |  48.9 |      15 |       9 |  37.5
        D:3 |     101 |     191 |  65.4 |      30 |       1 |   3.2
        D:4 |     734 |       0 |   0.0 |      28 |       0 |   0.0
        D:5 |     449 |       0 |   0.0 |      17 |       0 |   0.0
        D:6 |     561 |       0 |   0.0 |      24 |       0 |   0.0
        D:7 |     811 |       0 |   0.0 |      11 |       0 |   0.0
        D:8 |     787 |       0 |   0.0 |      21 |       0 |   0.0
        D:9 |    2803 |       9 |   0.3 |      40 |       5 |  11.1
       D:10 |    1676 |       0 |   0.0 |       7 |       0 |   0.0
            +---------+---------+-------+---------+---------+-------
